 Dungeon Crawl Stone Soup version 0.21.1-1-g345015fe64 (webtiles) character file.

64 MadFisi the Conjurer (level 4, -2/30 HPs)
             Began as a Human Conjurer on Mar 24, 2018.
             Was an Initiate of Sif Muna.
             Slain by an adder (4 damage)
             ... on level 2 of the Dungeon.
             The game lasted 00:13:34 (2377 turns).

MadFisi the Conjurer (Human Conjurer)               Turns: 2377, Time: 00:13:35

Health: -2/30      AC:  3    Str:  8    XL:     4   Next: 32%
Magic:  3/7        EV: 12    Int: 17    God:    Sif Muna [......]
Gold:   74         SH:  0    Dex: 13    Spells: 0/7 levels left

rFire    . . .     SeeInvis .   c - +0 dagger
rCold    . . .     Gourm    .   (no shield)
rNeg     . . .     Faith    .   a - +0 robe
rPois    .         Spirit   .   (no helmet)
rElec    .         Reflect  .   j - +0 cloak
rCorr    .         Harm     .   (no gloves)
MR       .....                  (no boots)
Stlth    ++........             (no amulet)
HPRegen  0.10/turn              (no ring)
MPRegen  0.10/turn              (no ring)

@: lethally poisoned (-2 -> -3), very slightly contaminated
A: no striking features
a: Renounce Religion


You were on level 2 of the Dungeon.
You worshipped Sif Muna.
Sif Muna was noncommittal.
You were not hungry.

You visited 1 branch of the dungeon, and saw 2 of its levels.

You collected 74 gold pieces.

Inventory:

Hand Weapons
 c - a +0 dagger (weapon)
 g - a +0 whip
 i - a +0 hunting sling
Missiles
 k - 22 poisoned needles
 l - 69 stones (quivered)
Armour
 a - a +0 robe (worn)
 j - a +0 cloak (worn)
Scrolls
 d - 5 scrolls of identify
 e - a scroll of teleportation {unknown}
 h - a scroll of magic mapping {unknown}
Potions
 f - a potion of magic {unknown}
 m - a potion of curing {unknown}
Books
 b - a book of Conjurations

   Spells                             Type                      Level
   a - Magic Dart                     Conjuration                  1
   b - Searing Ray                    Conjuration                  2
   c - Dazzling Spray                 Conjuration/Hexes            3
   d - Fulminant Prism                Conjuration/Hexes            4
   e - Force Lance                    Conjuration/Translocation    4
   f - Iskenderun's Mystic Blast      Conjuration                  4
Comestibles
 n - a ration


   Skills:
 + Level 2.3 Dodging
 + Level 2.3 Stealth
 + Level 2.2 Spellcasting
 + Level 5.1 Conjurations


You couldn't memorise any spells.
You knew the following spells:

 Your Spells              Type           Power        Failure   Level  Hunger
a - Magic Dart            Conj           ###.         2%          1    #......
b - Searing Ray           Conj           ###...       3%          2    ###....
c - Iskenderun's Mystic   Conj           ###.....     22%         4    #####..


Dungeon Overview and Level Annotations

Branches:
Dungeon (2/15)

Altars:
Sif Muna


Message History

The adder is severely wounded.
The adder closely misses you.
You miss the adder.
The adder is severely wounded.
The adder barely misses you. The adder bites you.
You hit the adder.
The adder is almost dead.
You feel sick. The adder bites you.
* * * LOW HITPOINT WARNING * * *
The adder bites you.
* * * LOW HITPOINT WARNING * * *
* * * LOW HITPOINT WARNING * * *
You feel sick. The adder barely misses you.
* * * LOW HITPOINT WARNING * * *
You feel sick. The adder barely misses you.
You closely miss the adder.
The adder is severely wounded.
The adder barely misses you. The adder bites you.
You die...

....=# .....#
....# .... #+#..#
.... #.#########
#....w..S.#
#########@# #.#
#.# #.# #### #####
#.# ...# #...# #.#
##.###...#######.#
.....'...'...†.#.#
.#.###...#####.#.#


You could see a worm and an adder.

Vanquished Creatures
  3 adders (D:2)
  A leopard gecko (D:2)
  8 goblins
  6 hobgoblins
  6 kobolds
  3 bats
  3 frilled lizards
  9 rats
39 creatures vanquished.

Notes
Turn   | Place    | Note
-------+----------+-------------------------------------------
     0 | D:1      | MadFisi the Human Conjurer began the quest for the Orb.
     0 | D:1      | Reached XP level 1. HP: 13/13 MP: 3/3
   943 | D:1      | Reached XP level 2. HP: 19/19 MP: 0/5
  1420 | D:1      | Reached XP level 3. HP: 24/24 MP: 4/6
  1837 | D:2      | Reached skill level 5 in Conjurations
  1837 | D:2      | Reached XP level 4. HP: 25/30 MP: 0/7
  1947 | D:2      | Learned a level 2 spell: Searing Ray
  1952 | D:2      | Learned a level 4 spell: Iskenderun's Mystic Blast
  2028 | D:2      | Found a deep blue altar of Sif Muna.
  2033 | D:2      | Became a worshipper of Sif Muna the Loreminder
  2377 | D:2      | Slain by an adder

Skill      XL: |  1  2  3 |
---------------+----------+-----
Conjurations   | 5 |  5.1
Dodging        | |  2.3
Stealth        | |  2.3
Spellcasting   | |  2.2

Action                   |  1- 3 |  4- 6 || total
-------------------------+-------+-------++-------
Melee: Unarmed           |     3 |       ||     3
       Dagger            |    21 |    30 ||    51
 Cast: Magic Dart        |    47 |     1 ||    48
       Searing Ray       |       |     8 ||     8
  Use: Potion            |     1 |       ||     1
       Scroll            |       |     1 ||     1
  Eat: Ration            |     1 |     1 ||     2
Armor: Robe              |     8 |     5 ||    13
Dodge: Dodged            |    36 |    32 ||    68
